 Dungeon Crawl Stone Soup version 0.29.0-5-ge4962eb29e (webtiles) character file.

Game seed: 3985065850719622231

508 Woods the Sneak (level 7, -4/41 HPs)
             Began as an Octopode Hedge Wizard on Aug 29, 2022.
             Slain by a phantom (7 damage)
             ... on level 4 of the Dungeon.
             The game lasted 00:19:40 (6399 turns).

Woods the Sneak (Octopode Hedge Wizard)             Turns: 6399, Time: 00:19:41

Health: -4/41      AC:  1    Str:  9    XL:     7   Next: 18%
Magic:  9/13       EV: 13    Int: 25    God:
Gold:   199        SH:  0    Dex: 11    Spells: 5/14 levels left

rFire   . . .      SeeInvis .   a - +0 dagger
rCold   . . .      Faith    .   (no shield)
rNeg    . . .      Spirit   .   b - +0 hat
rPois   .          Reflect  .   (no amulet)
rElec   .          Harm     .   m - +6 ring of intelligence
rCorr   +          Rampage  .   l - ring of resist corrosion
Will    .....                   (no ring)
Stlth   ++++......              (no ring)
HPRegen 0.13/turn               (no ring)
MPRegen 0.13/turn               (no ring)
                                (no ring)
                                (no ring)

@: about to teleport
A: almost no armour, amphibious, 8 rings, camouflage 1, gelatinous body 1,
(nimble swimmer 1), tentacles
a: no special abilities


You were on level 4 of the Dungeon.
You visited 1 branch of the dungeon, and saw 5 of its levels.

You collected 199 gold pieces.

Inventory:

Hand Weapons
 a - a +0 dagger (weapon)
Armour
 b - a +0 hat (worn)
Jewellery
 l - a ring of resist corrosion (right tentacle)
 m - a +6 ring of intelligence (left tentacle)
 n - an amulet of reflection
Wands
 p - a wand of mindburst (10)
 x - a wand of flame (12)
Scrolls
 e - a scroll of amnesia {unknown}
 h - 3 scrolls of teleportation (quivered)
 k - 6 scrolls of identify {unknown}
 o - a scroll of blinking {unknown}
 q - a scroll of vulnerability {unknown}
 u - 2 scrolls of poison {unknown}
 v - a scroll of enchant weapon {unknown}
 y - a scroll of immolation {unknown}
Potions
 c - a potion of magic
 d - 3 potions of curing {unknown}
 f - 2 potions of brilliance {unknown}
 g - a potion of berserk rage {unknown}
 i - 2 potions of degeneration {unknown}
 j - a potion of invisibility {unknown}
 r - a potion of haste {unknown}
 s - a potion of flight {unknown}
 t - a potion of cancellation {unknown}
 w - 2 potions of resistance {unknown}


   Skills:
 - Level 2.0 Dodging
 * Level 6.2 Stealth
 * Level 4.4 Spellcasting
 * Level 3.5 Conjurations
 - Level 2.0 Summonings
 - Level 2.0 Translocations
 + Level 1.9 Fire Magic


You had 5 spell levels left.
You knew the following spells:

 Your Spells              Type           Power      Damage    Failure   Level
a - Magic Dart            Conj           92%        1d7       1%          1
b - Blink                 Tloc           30%        N/A       6%          2
c - Call Imp              Summ           15%        N/A       6%          2
d - Slow                  Hex            20%        N/A       9%          1
e - Conjure Flame         Conj/Fire      19%        6-21      9%          3

Your spell library contained the following spells:

 Spells                   Type           Power      Damage    Failure   Level
 Foxfire                  Conj/Fire      76%        2x1d7     2%          1
 Mephitic Cloud           Conj/Pois/Air  11%        N/A       16%         3
 Inner Flame              Hex/Fire       10%        N/A       19%         3
 Flame Wave               Conj/Fire      19%        2d7       28%         4


Dungeon Overview and Level Annotations

Branches:
Dungeon (5/15)
 Temple: D:4-7

Altars:
Cheibriados
Gozag
Uskayaw

Annotations:
D:4 exclusion: black bear, Edmund


Innate Abilities, Weirdness & Mutations

You cannot wear most types of armour.
You are amphibious.
You can wear up to eight rings at the same time.
Your skin changes colour to match your surroundings (Stealth+).
Your rubbery body absorbs attacks. (AC +1, EV +1)
((You are camouflaged when in or above water. (Stealth+)))
You have tentacles for arms and can constrict up to eight enemies at once.


Message History

You hit the phantom but do no damage. You squeeze the phantom.
The phantom is lightly damaged.
The phantom closely misses you.
A howler monkey skeleton comes into view.
Your iron imp misses the phantom.
You hit the phantom but do no damage.
The phantom is lightly damaged.
The phantom barely misses you.
Your iron imp misses the phantom.
A centaur zombie comes into view.
You hit the phantom. Your squeeze misses the phantom.
The phantom is lightly damaged.
The phantom completely misses you. The hornet zombie hits you!
Your iron imp hits the phantom.
You barely miss the phantom.
The phantom is moderately damaged.
The phantom closely misses you. The hornet zombie misses you.
Unknown command.
You miss the phantom. You squeeze the phantom.
The phantom is heavily damaged.
The hornet zombie barely misses you. The phantom closely misses you.
Your iron imp barely misses the phantom.
The hornet zombie barely misses you.
The hornet zombie attacks as you move away!
The hornet zombie hits you! The phantom hits you.
* * * LOW HITPOINT WARNING * * *
The phantom blinks!
You blink.
The phantom hits you!
* * * LOW HITPOINT WARNING * * *
The phantom blinks!
You blink.
Your iron imp closely misses the hornet zombie.
The phantom attacks as you move away! The phantom misses you.
There is a stone staircase leading up, spattered with blood here.
The phantom barely misses you.
You climb upwards.
Level annotation: exclusion: black bear, Edmund
There is a stone staircase leading down here.
As you read the scroll labelled NITZU POYMI, it crumbles to dust.
You feel strangely unstable.
It was a scroll of teleportation.
The phantom hits you!
You die...

#.........### # #...........### #
#####.#####...## # #.## ###..# #
#..# ##.### # #### ##.# #...# #
...######### #.# ###.# #
...........########.###### #.# #
.........#......@........####.###
.#....<....#.....W...######.....#
.#.......####......#..####..##..#
.##.#.#..# #...............##..#
##........###......#.......###..#
##....................####.###.).
#.......####.......#.####..h..>.
##.......# #.>..........#.###...
##.......####.รท............#
##..


You could see a phantom.

Vanquished Creatures
  A necrophage (D:4)
  A scorpion (D:5)
  Crazy Yiuf (D:4)
  An orc wizard (D:4)
  An iguana (D:4)
  Robin (D:4)
  2 gnolls (D:4)
  An adder (D:2)
  3 worms
  3 dart slugs
  2 orcs
  8 endoplasms
  3 giant cockroaches
  14 goblins
  13 hobgoblins
  3 jackals (D:1)
  A quokka (D:1)
  6 ball pythons
  3 bats
  7 frilled lizards
  9 kobolds
  4 rats
88 creatures vanquished.

Vanquished Creatures (collateral kills)
  A water moccasin zombie (D:5)
  A hound (D:3)
  A jelly (D:4)
  2 gnolls (D:4)
  An adder (D:5)
  An orc (D:4)
  A giant cockroach (D:1)
  A goblin (D:4)
  A kobold (D:4)
10 creatures vanquished.

Vanquished Creatures (others)
  2 withered plants (D:5)
2 creatures vanquished.

Grand Total: 100 creatures vanquished

Notes
Turn   | Place    | Note
-------+----------+-------------------------------------------
     0 | D:1      | Woods the Octopode Hedge Wizard began the quest for the
                  | Orb.
     0 | D:1      | Reached XP level 1. HP: 11/11 MP: 4/4
   655 | D:1      | Reached skill level 3 in Stealth
   686 | D:1      | Reached XP level 2. HP: 14/17 MP: 0/6
   760 | D:1      | Found a faded altar of an unknown god.
   887 | D:1      | Learned a level 2 spell: Blink
   890 | D:1      | Learned a level 2 spell: Call Imp
   892 | D:1      | Learned a level 1 spell: Slow
  1293 | D:1      | Reached XP level 3. HP: 21/21 MP: 4/7
  2085 | D:2      | Found an opulent altar of Gozag.
  2177 | D:2      | Reached skill level 4 in Stealth
  2486 | D:2      | Reached XP level 4. HP: 21/27 MP: 1/8
  2716 | D:3      | Found a snail-covered altar of Cheibriados.
  2876 | D:3      | Learned a level 3 spell: Conjure Flame
  3627 | D:4      | Found a hide-covered altar of Uskayaw.
  3637 | D:4      | Noticed a +0 hand axe
  3637 | D:4      | Noticed a +0 hand axe
  3680 | D:4      | Reached XP level 5. HP: 18/31 MP: 2/10
  4389 | D:4      | Noticed Edmund
  4548 | D:4      | Noticed Robin
  4643 | D:4      | Killed Robin
  4749 | D:4      | Reached skill level 5 in Stealth
  4794 | D:4      | Reached skill level 1 in Fire Magic
  4794 | D:4      | Reached XP level 6. HP: 33/36 MP: 7/11
  4825 | D:4      | Noticed a black bear
  5262 | D:4      | Found a runed translucent door.
  5263 | D:4      | Noticed Crazy Yiuf
  5421 | D:4      | Killed Crazy Yiuf
  5756 | D:5      | Entered Level 5 of the Dungeon
  6047 | D:5      | Reached skill level 6 in Stealth
  6047 | D:5      | Reached XP level 7. HP: 30/41 MP: 10/13
  6399 | D:4      | Slain by a phantom

Illustrated notes

Levels and vault maps discovered:
D:1:      wander_arrival_peaceful_grave, layout_basic,
          ebering_ecumenical_altar_box, chequers_jeans
D:2:      layout_basic, basic_altar, minmay_pentomino_p2
D:3:      layout_loops_corners, slow_altar_1
D:4:      layout_rooms, dancing_weapons_uskayaw, uniq_robin, uniq_edmund,
          uniq_crazy_yiuf_cottage
D:5:      layout_loops_ring, serial_undead, serial_undead_d, serial_undead_c,
          serial_undead_d, serial_undead_d, hangedman_decor_growths

Skill      XL: |  1  2  3  4  5  6 |
---------------+-------------------+-----
Stealth        | 3 4 5 6 |  6.2
Conjurations   | 2 3 |  3.5
Summonings     | 2 |  2.0
Translocations | 2 |  2.0
Fire Magic     | 1 |  1.9
Spellcasting   | 4 |  4.4
Dodging        | |  2.0

Action                   |  1- 3 |  4- 6 |  7- 9 || total
-------------------------+-------+-------+-------++-------
Melee: Dagger            |    38 |    62 |     8 ||   108
       Constrict         |    10 |    16 |       ||    26
       Tentacles         |     7 |    13 |     5 ||    25
       Punch             |       |     2 |       ||     2
 Cast: Magic Dart        |    72 |    96 |     6 ||   174
       Call Imp          |     3 |    16 |     3 ||    22
  Use: Scroll            |       |       |     1 ||     1
 Stab: Sleeping          |     1 |     3 |       ||     4
Armor: Skin              |     3 |     2 |       ||     5
Dodge: Dodged            |    23 |    52 |    16 ||    91
